 Dungeon Crawl Stone Soup version 0.28.0-45-g0d030f2227 (webtiles) character file.

Game seed: 14422495052535918339

37 Bruhh the Ogre Mage (level 3, -2/31 HPs)
             Began as an Ogre Fire Elementalist on Apr 23, 2022.
             Slain by Natasha (5 damage)
             ... on level 2 of the Dungeon.
             The game lasted 00:03:27 (2136 turns).

Bruhh the Ogre Mage (Ogre Fire Elementalist)        Turns: 2136, Time: 00:03:28

Health: -2/31      AC: 10    Str: 12    XL:     3   Next: 41%
Magic:  7/7        EV:  9    Int: 21    God:
Gold:   54         SH:  0    Dex:  9    Spells: 4/7 levels left

rFire   . . .      SeeInvis .   f - +10 whip of Ydus {protect, Int+3}
rCold   . . .      Faith    .   (no shield)
rNeg    . . .      Spirit   .   a - +0 robe
rPois   .          Reflect  .   (helmet restricted)
rElec   .          Harm     .   (no cloak)
rCorr   .          Rampage  .   (gloves unavailable)
Will    .....                   (boots unavailable)
Stlth   +.........              (no amulet)
HPRegen 0.10/turn               (no ring)
MPRegen 0.10/turn               (no ring)

@: under a protective aura, slowed, very slow
A: large, unfitting armour, tough skin 1
a: no special abilities


You were on level 2 of the Dungeon.
You visited 1 branch of the dungeon, and saw 3 of its levels.

You collected 54 gold pieces.

Inventory:

Hand Weapons
 c - a +2 dagger of venom
 f - the +10 whip of Ydus (weapon) {protect, Int+3}
   (You found it on level 2 of the Dungeon)

   It grants its wielder temporary protection when it strikes (+7 to AC).
   Int:       It affects your intelligence (+3).
Armour
 a - a +0 robe (worn)
Jewellery
 h - an amulet of reflection
Scrolls
 d - 2 scrolls of silence {unknown}
 e - a scroll of immolation {unknown}
 i - a scroll of summoning {unknown}
Potions
 b - 2 potions of heal wounds {unknown}
 g - a potion of attraction {unknown}


   Skills:
 - Level 1.7 Dodging
 - Level 1.4 Stealth
 + Level 2.8 Spellcasting
 - Level 2.6 Conjurations
 - Level 2.6 Fire Magic


You had 4 spell levels left.
You knew the following spells:

 Your Spells              Type           Power      Damage    Failure   Level
a - Foxfire               Conj/Fire      56%        2x1d6     4%          1
b - Scorch                Fire           28%        2d6       7%          2

Your spell library contained the following spells:

 Spells                   Type           Power      Damage    Failure   Level
 Magic Dart               Conj           56%        1d5       4%          1
 Conjure Flame            Conj/Fire      14%        6-21      14%         3
 Call Imp                 Summ           2%         N/A       21%         2
 Inner Flame              Hex/Fire       8%         N/A       24%         3
 Mephitic Cloud           Conj/Pois/Air  6%         N/A       28%         3
 Flame Wave               Conj/Fire      14%        2d6       41%         4


Dungeon Overview and Level Annotations

Branches:
Dungeon (3/15)

Altars:

Annotations:
D:2 1 runed translucent door, Crazy Yiuf, Natasha
D:3 Sigmund


Innate Abilities, Weirdness & Mutations

You are too large for most types of armour.
You have tough skin. (AC +1)


Message History

You feel yourself slow down.
Sigmund zaps a wand.
Some rock shatters into small pieces.
An endoplasm comes into view.
Casting: Foxfire (safe; 4% risk of failure)
Confirm with . or Enter, or press ? or * to list all spells.
You conjure some foxfire!
The foxfire hits Natasha.
Natasha is moderately wounded.
The foxfire hits Natasha.
Natasha is moderately wounded.
Natasha stares at you and mumbles some strange words.
The magic dart hits you. Sigmund gestures at you while chanting.
You are confused.
In your confused state, you trip and fall back down the stairs.
Natasha casts a spell at you. The magic dart hits you.
The crimson imp hits you. Natasha claws you. The crimson imp barely misses you.
Sigmund zaps a wand.
Some rock shatters into small pieces.
Natasha claws you but does no damage.
The crimson imp hits you but does no damage.
You climb upwards.
The crimson imp disappears in a puff of smoke!
Level annotation: 1 runed translucent door, Crazy Yiuf You feel less confused.
There is a stone staircase leading down here.
You closely miss Natasha.
Natasha is moderately wounded.
Natasha stares at you and mumbles some strange words.
The magic dart hits you!
* * * LOW HITPOINT WARNING * * *
Natasha closely misses you.
You whack Natasha!
Your weapon exudes an aura of protection.
Natasha is almost dead.
Natasha claws you.
* * * LOW HITPOINT WARNING * * *
You hit Natasha.
Natasha is almost dead.
Natasha claws you.
You die...

...........#
########.#.#
#.#.# #.#.# #.#.#
#.#.#######
#.#.......#
#.#######h#
###.###
#@#############
#.....#
#.............#
######.#.#.#
#############.#
...........# #.#
######.#.#.# #.##
#.....# ###
♣♣##..# #.....##
#)..#♣♣ ♣♣.#...#
##.###..#
#...+.♣♣♣♣......#
#####..# #..#
#...#♣..♣......##


You could see Natasha.

Vanquished Creatures
  2 dart slugs (D:2)
  3 ball pythons
  8 endoplasms
  3 giant cockroaches
  3 goblins
  3 hobgoblins
  A bat (D:1)
  2 frilled lizards
  2 kobolds
  3 rats
30 creatures vanquished.

Vanquished Creatures (others)
  22 foxfires
22 creatures vanquished.

Grand Total: 52 creatures vanquished

Notes
Turn   | Place    | Note
-------+----------+-------------------------------------------
     0 | D:1      | Bruhh the Ogre Fire Elementalist began the quest for the
                  | Orb.
     0 | D:1      | Reached XP level 1. HP: 16/16 MP: 3/3
    27 | D:1      | Reached skill level 1 in Conjurations
   490 | D:1      | Reached XP level 2. HP: 24/24 MP: 1/5
   619 | D:1      | Found a faded altar of an unknown god.
  1421 | D:2      | Identified the +10 whip of Ydus {protect, Int+3}
  1438 | D:2      | Reached XP level 3. HP: 30/31 MP: 6/6
  1514 | D:2      | Learned a level 2 spell: Scorch
  1907 | D:2      | Found a runed translucent door.
  1908 | D:2      | Noticed Crazy Yiuf
  2124 | D:3      | Noticed Natasha
  2125 | D:3      | Noticed Sigmund
  2136 | D:2      | Slain by Natasha

Illustrated notes

Levels and vault maps discovered:
D:1:      lightli_arrival_statue_moat, layout_loops_ring,
          hellmonk_ecumenical_altar_heavens_door
D:2:      layout_loops_ring, minmay_crystal_room, st_stairs_13,
          amethyst_killhole, uniq_crazy_yiuf_cottage
D:3:      kennysheep_big_flooded_room, layout_basic, serial_shops, shop,
          shop_statue, minmay_surrounded, uniq_natasha, uniq_ijyb, uniq_sigmund

Skill      XL: |  1  2 |
---------------+-------+-----
Conjurations   | 1 2 |  2.6
Dodging        | |  1.7
Stealth        | |  1.4
Spellcasting   | |  2.8
Fire Magic     | |  2.6

Action                   || total
-------------------------++-------
Melee: Unarmed           ||    14
       Dagger            ||    29
       Whip              ||    16
 Cast: Foxfire           ||    18
 Stab: Sleeping          ||     1
Armor: Robe              ||    25
Dodge: Dodged            ||    19
